 Dungeon Crawl Stone Soup version 0.26-a0-537-g96b2eae49b (webtiles) character file.

Game seed: 15540222971872999166

104 MrRokkomies the Vexing (level 4, 0/24 HPs)
             Began as a Vampire Enchanter on Aug 14, 2020.
             Slain by a goblin (3 damage)
             ... on level 2 of the Dungeon.
             The game lasted 00:03:32 (1699 turns).

MrRokkomies the Vexing (Vampire Enchanter)          Turns: 1699, Time: 00:03:32

Health: 0/24       AC:  2    Str:  8    XL:     4   Next: 52%
Magic:  5/7        EV: 13    Int: 17    God:
Gold:   136        SH:  0    Dex: 14    Spells: 4/7 levels left

rFire    . . .     SeeInvis +   a - +2 dagger (flame)
rCold    + + .     Faith    .   (no shield)
rNeg     + + +     Spirit   .   e - +0 robe
rPois    ∞         Reflect  .   (no helmet)
rElec    .         Harm     .   (no cloak)
rCorr    .                      (no gloves)
MR       .....                  (no boots)
Stlth    +++++.....             (no amulet)
HPRegen  0.00/turn              (no ring)
MPRegen  0.10/turn              (no ring)

@: bloodless
A: fangs 3, see invisible, unbreathing
a: Bat Form, Revivify


You were on level 2 of the Dungeon.
You visited 1 branch of the dungeon, and saw 2 of its levels.

You collected 136 gold pieces.

Inventory:

Hand Weapons
 a - a +2 dagger of flaming (weapon)
 b - a +0 hunting sling
Missiles
 d - 41 sling bullets
 p - 10 poisoned darts (quivered)
Armour
 e - a +0 robe (worn)
Scrolls
 h - 2 scrolls of teleportation {unknown}
 j - a scroll of random uselessness {unknown}
 m - a scroll of amnesia {unknown}
 n - a scroll of remove curse {unknown}
Potions
 c - 2 potions of might {unknown}
 f - a potion of invisibility {unknown}
 g - a potion of brilliance {unknown}
 i - 2 potions of haste {unknown}
 k - 3 potions of heal wounds {unknown}
 l - a potion of curing {unknown}
 o - a potion of degeneration {unknown}


   Skills:
 * Level 2.9 Short Blades
 + Level 2.9 Dodging
 + Level 5.2 Stealth
 - Level 2.0 Spellcasting
 * Level 5.7 Hexes


You had 4 spell levels left.
You knew the following spells:

 Your Spells              Type           Power        Failure   Level
a - Corona                Hex            ###....      1%          1
b - Ensorcelled Hibernat  Hex/Ice        ##....       9%          2

Your spell library contained the following spells:

 Spells                   Type           Power        Failure   Level
 Confusing Touch          Hex            ###.....     5%          3
 Tukima's Dance           Hex            ###.....     5%          3
 Dazzling Flash           Conj/Hex       ##....       19%         3


Dungeon Overview and Level Annotations

Branches:
Dungeon (2/15)

Altars:


Innate Abilities, Weirdness & Mutations

You do not regenerate when monsters are visible.
You are frail without blood (-20% HP).
You can heal yourself when you bite living creatures.
You are immune to poison.
You have razor-sharp teeth.
You have supernaturally acute eyesight. (SInv)
You can survive without breathing.


Message History

Press: ? - help, Shift-Dir - straight line, f/p - gnoll
Aim: a gnoll, wielding a +0 spear (chance to defeat MR: 50%)
The gnoll resists with some effort.
The gnoll hits you with a +0 spear.
Casting: Ensorcelled Hibernation (safe; 9% risk of failure)
Confirm with . or Enter, or press ? or * to list all spells.
Aiming: Ensorcelled Hibernation (safe; 9% risk of failure)
Press: ? - help, Shift-Dir - straight line, f/p - gnoll
Aim: a gnoll, wielding a +0 spear (chance to defeat MR: 50%)
The gnoll resists with some effort.
The gnoll hits you with a +0 spear. The gnoll barely misses you.
The gnoll hits you from afar with a +0 spear.
* * * LOW HITPOINT WARNING * * *
You see here a cursed -2 club.
The gnoll hits you from afar with a +0 spear.
* * * LOW HITPOINT WARNING * * *
A worm comes into view.
A goblin comes into view.
The goblin closely misses you. The goblin hits you.
You die...

#...........# #.#
#####.#.#######.#
#g#..g.g....# #.###########
#.##### ### #g##.. ..#
#########.##.# #.#
#......##.##.####.#
#####.##....@g.....##.#######
#.†......#.#...#.#...........
#.##.....#.......####.##.####
#†##.......#...#.####.##.# #
#......#.####.##...[..##.####
####.#.#.# #.##########...##
#..<..# #.# #.#.## ###.###
##'# #.#.## #.# ##...##
#.#.##


You could see 2 gnolls and a goblin.

Vanquished Creatures
  A gnoll (D:1)
  3 adders (D:2)
  2 oozes
  2 worms (D:2)
  A dart slug (D:1)
  2 leopard geckos
  A ball python (D:2)
  8 bats
  4 giant cockroaches (D:1)
  5 hobgoblins
  4 jackals (D:1)
  A quokka (D:2)
  4 goblins
  5 kobolds
  4 rats
47 creatures vanquished.

Notes
Turn   | Place    | Note
-------+----------+-------------------------------------------
     0 | D:1      | MrRokkomies the Vampire Enchanter began the quest for the
                  | Orb.
     0 | D:1      | Reached XP level 1. HP: 13/13 MP: 3/3
    73 | D:1      | Reached XP level 2. HP: 2/19 MP: 1/5
    90 | D:1      | Learned a level 2 spell: Ensorcelled Hibernation
   510 | D:1      | Reached skill level 5 in Hexes
   537 | D:1      | Reached XP level 3. HP: 19/19 MP: 6/6
  1285 | D:2      | Reached skill level 5 in Stealth
  1316 | D:2      | Reached XP level 4. HP: 22/24 MP: 0/7
  1699 | D:2      | Slain by a goblin

Illustrated notes

Levels and vault maps discovered:
D:1:      dpeg_arrival_radiant, layout_basic, hangedman_decor_riveting,
          minmay_split_cup_large
D:2:      minmay_alternating_diamond, layout_loops_corners

Skill      XL: |  1  2  3 |
---------------+----------+-----
Hexes          | 5 |  5.7
Short Blades   | 2 |  2.9
Stealth        | 5 |  5.2
Dodging        | |  2.9
Spellcasting   | |  2.0

Action                   |  1- 3 |  4- 6 || total
-------------------------+-------+-------++-------
Melee: Dagger            |   109 |    21 ||   130
       Bite              |     3 |       ||     3
 Cast: Corona            |     2 |       ||     2
       Ensorcelled Hiber |     7 |     3 ||    10
 Abil: Exsanguinate      |     1 |       ||     1
 Stab: Sleeping          |    20 |     6 ||    26
Armor: Robe              |    15 |     5 ||    20
Dodge: Dodged            |    69 |    16 ||    85

Table legend: (Time is in decaauts)
 A = Elapsed time spent in this place.
 B = Non-inter-level travel time spent in this place.
 C = Inter-level travel time spent in this place.
 D = Time resting spent in this place.
 E = Time spent auto-exploring this place.
 F = Levels seen in this place.
 G = Mean time per level.
                   A        B        C        D        E       F      G
               +--------+--------+--------+--------+--------+-----+--------+
         Total |   1685 |   1667 |     18 |    203 |   1065 |   2 |  842.5 |
       Dungeon |   1685 |   1667 |     18 |    203 |   1065 |   2 |  842.5 |
               +--------+--------+--------+--------+--------+-----+--------+

Top non-repeatable levels by time:
     D:1: 967 daAuts
     D:2: 717 daAuts
